 Dungeon Crawl Stone Soup version 0.22.0-27-ga576289 (webtiles) character file.

45 poirepourri the Magician (level 3, -2/24 HPs)
             Began as a Mummy Ice Elementalist on Aug 22, 2018.
             Slain by a quokka (4 damage)
             ... on level 2 of the Dungeon.
             The game lasted 00:01:32 (1819 turns).

poirepourri the Magician (Mummy Ice Elementalist)   Turns: 1819, Time: 00:01:32

Health: -2/24      AC:  2    Str: 11    XL:     3   Next: 42%
Magic:  7/9        EV: 12    Int: 15    God:
Gold:   87         SH:  0    Dex: 12    Spells: 5/11 levels left

rFire    x . .     SeeInvis +   (no weapon)
rCold    + . .     Gourm    .   (no shield)
rNeg     + + +     Faith    .   a - +0 robe
rPois    ∞         Spirit   .   (no helmet)
rElec    .         Reflect  .   (no cloak)
rCorr    .         Harm     .   (no gloves)
MR       .....                  (no boots)
Stlth    ++........             (no amulet)
HPRegen  0.08/turn              e - ring of see invisible
MPRegen  0.11/turn              (no ring)

@: about to teleport
A: no food or potions, fire vulnerability, cold resistance 1, negative energy
resistance 3, torment resistance, unbreathing
a: no special abilities


You were on level 2 of the Dungeon.
You were not hungry.

You visited 1 branch of the dungeon, and saw 2 of its levels.

You collected 87 gold pieces.

Inventory:

Armour
 a - a +0 robe (worn)
Jewellery
 e - a ring of see invisible (left hand)
Scrolls
 b - a scroll of remove curse


   Skills:
 - Level 1.5 Dodging
 - Level 1.5 Stealth
 + Level 4.9 Spellcasting
 - Level 0.7 Conjurations
 - Level 2.4 Ice Magic


You had 5 spell levels left.
You knew the following spells:

 Your Spells              Type           Power        Failure   Level  Hunger
a - Freeze                Ice            ##..         6%          1    N/A
b - Throw Frost           Conj/Ice       #.....       13%         2    N/A
c - Ozocubu's Armour      Chrm/Ice       #.......     30%         3    N/A

Your spell library contained the following spells:

 Spells                   Type           Power        Failure   Level  Hunger
 Throw Icicle             Conj/Ice       #.......     65%         4    N/A
 Summon Ice Beast         Ice/Summ       #.......     69%         4    N/A

Dungeon Overview and Level Annotations

Branches:
Dungeon (2/15)

Altars:


Innate Abilities, Weirdness & Mutations

You do not eat or drink.
Your flesh is vulnerable to fire.
You are immune to poison.
Your flesh is cold resistant. (rC+)
You are immune to negative energy. (rN+++)
You are immune to unholy pain and torment.
You can survive without breathing.


Message History

Press: ? - help, Shift-Dir - straight line, f - worm
Aim: a worm You freeze the worm.
The worm is lightly wounded.
Casting: Freeze (safe; 6% risk of failure)
Confirm with . or Enter, or press ? or * to list all spells.
Aiming: Freeze (safe; 6% risk of failure)
Press: ? - help, Shift-Dir - straight line, f/p - worm
Aim: a worm (lightly wounded)
You freeze the worm.
The worm is heavily wounded.
The worm bites you!
* * * LOW HITPOINT WARNING * * *
You can't drink.
Unknown command.
As you read the scroll of teleportation, it crumbles to dust.
You feel strangely unstable. The goblin hits you with a club.
* * * LOW HITPOINT WARNING * * *
The quokka bites you.
You die...

#.......# #...)...#
#.......# ##.......#
#........#
####........###
#.....wgr.....#
#......@......#
#.............#
##+#..................#
##.....................#
..............>........#
#...................####
#...................#
#...................#
....................#


You could see a worm, a quokka and a goblin.

Vanquished Creatures
  An ooze (D:1)
  4 dart slugs (D:1)
  5 giant cockroaches (D:1)
  4 hobgoblins
  2 jackals (D:1)
  4 kobolds
  6 bats
  A frilled lizard (D:1)
  A goblin (D:1)
  5 rats
33 creatures vanquished.

Notes
Turn   | Place    | Note
-------+----------+-------------------------------------------
     0 | D:1      | poirepourri the Mummy Ice Elementalist began the quest for the Orb.
     0 | D:1      | Reached XP level 1. HP: 13/13 MP: 4/4
     7 | D:1      | Reached skill level 3 in Spellcasting
    33 | D:1      | Reached XP level 2. HP: 3/19 MP: 1/6
   375 | D:1      | Learned a level 2 spell: Throw Frost
   456 | D:1      | Reached skill level 4 in Spellcasting
   871 | D:1      | Reached XP level 3. HP: 18/24 MP: 2/8
  1425 | D:1      | Learned a level 3 spell: Ozocubu's Armour
  1819 | D:2      | Slain by a quokka

Skill      XL: |  1  2 |
---------------+-------+-----
Spellcasting   | 3 4 |  4.9
Dodging        | |  1.5
Stealth        | |  1.5
Conjurations   | |  0.7
Ice Magic      | |  2.4

Action                   || total
-------------------------++-------
Melee: Unarmed           ||    53
 Cast: Freeze            ||    51
       Throw Frost       ||     1
  Use: Scroll            ||     6
Armor: Robe              ||    27
Dodge: Dodged            ||    74
